 Dungeon Crawl Stone Soup version 0.31-a0-1447-g87ca8d402b (webtiles) character file.

Game seed: 17574950543012385031

640 inmateoo the Poker (level 7, -8/53 HPs)
             Began as a Demonspawn Gladiator on Dec 27, 2023.
             Was an Initiate of Gozag.
             Mangled by an ice beast (9 damage)
             ... on level 5 of the Dungeon.
             The game lasted 00:04:02 (3181 turns).

inmateoo the Poker (Demonspawn Gladiator)           Turns: 3181, Time: 00:04:03

Health: -8/53      AC:  7    Str: 16    XL:     7   Next: 26%
Magic:  0/7        EV:  9    Int:  9    God:    Gozag
Gold:   268        SH: 12    Dex: 14    Spells: 6/6 levels left

rFire   . . .        a - +0 trident
rCold   . . .        f - +0 tower shield
rNeg    + . .        b - +0 leather armour
rPois   .            g - +1 helmet
rElec   .            (no cloak)
rCorr   .            l - +0 pair of gloves
SInv    .            j - +0 pair of boots {Fly}
Will    .....        (no amulet)
Stlth   +            t - ring of Ejad {Wiz rN+}
HPRegen 0.28/turn    (no ring)
MPRegen 0.20/turn

%: guardian spirit, wizardry (x1)
@: flying
A: powered by death 2, magic shield, magic regeneration, demonic touch 1
a: Renounce Religion, Potion Petition, Call Merchant, Bribe Branch


You were on level 5 of the Dungeon.
You worshipped Gozag.
Gozag was aware of your devotion.
You visited 2 branches of the dungeon, and saw 6 of its levels.

You collected 383 gold pieces.
You paid 115 gold pieces to Gozag.

Inventory:

Hand Weapons
 a - a +0 trident (weapon)
Missiles
 d - 5 throwing nets (quivered)
 e - a javelin
Armour
 b - a +0 leather armour (worn)
 f - a +0 tower shield (worn)
 g - a +1 helmet (worn)
 j - a +0 pair of boots of flying (worn)
 l - a +0 pair of gloves (worn)
Jewellery
 t - the ring of Ejad (left hand) {Wiz rN+}
   (You found it on level 5 of the Dungeon)

   [ring of wizardry]

   Wiz:       It improves your spell success rate.
   rN+:       It protects you from negative energy.
Scrolls
 m - a scroll of fear
 p - a scroll of fog
Potions
 c - a potion of curing
 h - 2 potions of heal wounds {unknown}
 i - a potion of mutation
 k - a potion of berserk rage
 n - a potion of haste
 o - a potion of enlightenment
 q - 2 potions of degeneration {unknown}
 r - 3 potions of attraction {unknown}


   Skills:
 + Level 3.8 Fighting
 * Level 5.0 Polearms
 - Level 1.7 Throwing
 + Level 2.5 Armour
 + Level 3.9 Dodging
 + Level 2.4 Shields


You had 6 spell levels left.
You didn't know any spells.
Your spell library contained the following spells:

 Spells                   Type           Power      Damage    Failure   Level
 Apportation              Tloc           0%         N/A       91%         1
 Necrotise                Necr           0%         1d4       91%         1
 Sting                    Conj/Alch      0%         1d3       91%         1
 Summon Small Mammal      Summ           0%         N/A       91%         1
 Ensorcelled Hibernation  Hex/Ice        0%         N/A       97%         2
 Passwall                 Erth           0%         N/A       99%         3
 Swiftness                Air            0%         N/A       99%         3
 Tukima's Dance           Hex            0%         N/A       99%         3
 Olgreb's Toxic Radiance  Alch           0%         N/A       100%        4
 Passage of Golubria      Tloc           0%         N/A       100%        4
 Yara's Violent Unravell  Hex/Alch       0%         3d3       100%        5
 Ozocubu's Refrigeration  Ice            0%         4d7       100%        7
 Discord                  Hex            0%         N/A       100%        8


Dungeon Overview and Level Annotations

Branches:
Dungeon (5/15)             Temple (1/1) D:5

Altars:
Gozag
Kikubaaqudgha
Nemelex Xobeh
Sif Muna
Trog
Uskayaw
Wu Jian


Innate Abilities, Weirdness & Mutations

You regenerate health from kills.
When hurt, damage is shared between your health and your magic reserves.
You regenerate magic rapidly.
Your touch may inflict minor irresistible damage on your foes.


Message History

The ice beast hits you but does no damage.
Things that are here:
6 gold pieces; a +0 trident You closely miss the ice beast.
The ice beast hits you. The ice beast freezes you!
You block the ice beast's attack.
You hit the ice beast.
The ice beast is lightly wounded.
You block the ice beast's attack.
You hit the ice beast.
The ice beast is moderately wounded.
The ice beast completely misses you. You block the ice beast's attack.
You are too injured to fight recklessly!
You closely miss the ice beast.
The ice beast is moderately wounded.
You block the ice beast's attack.
You puncture the ice beast!
The ice beast is heavily wounded.
The ice beast hits you. The ice beast freezes you!
* * * LOW HITPOINT WARNING * * *
The ice beast hits you but does no damage.
You closely miss the ice beast.
The ice beast is heavily wounded.
The ice beast hits you but does no damage.
You hit the ice beast but do no damage.
The ice beast is heavily wounded.
The ice beast hits you but does no damage.
You block the ice beast's attack.
You hit the ice beast.
The ice beast is severely wounded.
The ice beast hits you.
* * * LOW HITPOINT WARNING * * *
The ice beast freezes you!
* * * LOW HITPOINT WARNING * * *
You hit the ice beast.
The ice beast is severely wounded.
The ice beast hits you.
* * * LOW HITPOINT WARNING * * *
The ice beast freezes you!
You die...
Your body crumbles into a pile of gold.

*......##..........####
##....Y#..........#####
#................######
*#......#.........######
*......*#.........#..### *******
*#.....##.)...........## ,,,,,,*
**,#...........#....### *****,**
*####Y........#.....,* ~*~**,,**
*#...@.(###+###.....,,
~*~***,,***#.......#,,,,,*,,##,,,
~~** **,,*#....#..##,~,~,*,,**,**
**~* **,*#....#...+,,_,,+,,,,,,*
~~*****,,.....,....#,~,~,*,,,,,,,
~*~*,***,.##.......#,,,,,*,,,,,,,
~*~*,,***,,#.,.....#**+***,**,,,,
****,,,*,,*#.,......,*,,,,,*,,*,,
*,,,,,,,,,,,,,*,,,,,,*,,,,,,**,,


You could see an ice beast.

Vanquished Creatures
  A water moccasin (D:5)
  A phantom (D:4)
  2 scorpions (D:5)
  2 hounds
  A jelly (D:5)
  An iguana (D:5)
  10 adders
  2 ufetubi (D:4)
  A worm (D:2)
  8 dart slugs
  4 orcs
  12 endoplasms
  A giant cockroach (D:2)
  7 goblins
  15 hobgoblins
  A jackal (D:2)
  4 quokkas
  10 ball pythons
  9 bats
  5 frilled lizards
  8 kobolds
  4 rats
109 creatures vanquished.

Notes
Turn   | Place    | Note
-------+----------+-------------------------------------------
     0 | D:1      | inmateoo the Demonspawn Gladiator began the quest for the
                  | Orb.
     0 | D:1      | Reached XP level 1. HP: 16/16 MP: 1/1
    59 | D:1      | Gained mutation: You regenerate a little health from kills.
                  | [demonic ancestry]
    59 | D:1      | Reached XP level 2. HP: 22/22 MP: 2/2
   154 | D:1      | Reached skill level 3 in Polearms
   332 | D:1      | Gained mutation: You regenerate health from kills. [demonic
                  | ancestry]
   332 | D:1      | Reached XP level 3. HP: 27/27 MP: 3/3
   489 | D:1      | Found a faded altar of an unknown god.
   830 | D:2      | Reached skill level 1 in Armour
   846 | D:2      | Gained mutation: You regenerate magic rapidly. [demonic
                  | ancestry]
   846 | D:2      | Reached XP level 4. HP: 22/34 MP: 4/4
  1299 | D:3      | Reached skill level 1 in Shields
  2059 | D:4      | Gained mutation: Your touch may inflict minor irresistible
                  | damage on your foes. [demonic ancestry]
  2059 | D:4      | Reached XP level 5. HP: 40/40 MP: 5/5
  2122 | D:4      | Reached skill level 4 in Polearms
  2285 | D:4      | Found a sparkling altar of Nemelex Xobeh.
  2287 | D:4      | Found a hide-covered altar of Uskayaw.
  2287 | D:4      | Found a bloodstained altar of Trog.
  2632 | D:5      | Entered Level 5 of the Dungeon
  2632 | D:5      | Noticed a phantom
  2774 | D:4      | Killed a phantom
  2775 | D:4      | Gained mutation: When hurt, damage is shared between your
                  | health and your magic reserves. [demonic ancestry]
  2775 | D:4      | Reached XP level 6. HP: 36/47 MP: 6/6
  2826 | D:5      | Found a staircase to the Ecumenical Temple.
  3030 | Temple   | Entered the Ecumenical Temple
  3043 | Temple   | Became a worshipper of Gozag Ym Sagoz the Greedy
  3071 | D:5      | Identified the ring of Ejad {Wiz rN+}
  3098 | D:5      | Noticed a water moccasin
  3109 | D:5      | Killed a water moccasin
  3110 | D:5      | Reached skill level 5 in Polearms
  3110 | D:5      | Reached XP level 7. HP: 17/53 MP: 4/7
  3181 | D:5      | HP: 1/53 [ice beast (4)]
  3181 | D:5      | Mangled by an ice beast

Illustrated notes

Levels and vault maps discovered:
D:1:      eino_arrival_water_cross, layout_rooms,
          dilly_ecumenical_altar_fadedgnrine, serial_park_tiny_2
D:2:      layout_rooms, minmay_heptomino_w4
D:3:      layout_basic, supply_closet_lemuel,
          nicolae_concentric_dashed_squares_mild, st_stairs_12
D:4:      kennysheep_slugbush, layout_rooms, grunt_temple_overflow_open
D:5:      layout_cave_pools, kennysheep_little_box,
          mainiacjoe_overflow_alcove_3, minmay_temple_entry_gardened_gates,
          mainiacjoe_sewer_entry_somewhere_in_here_2
Temple:   nicolae_temple_superstar

Skill      XL: |  1  2  3  4  5  6 |
---------------+-------------------+-----
Polearms       | 3 4 5 |  5.0
Dodging        | 3 |  3.9
Armour         | 1 2 |  2.5
Shields        | 1 2 |  2.4
Fighting       | 3 |  3.8
Throwing       | |  1.7

Action                     |  1- 3 |  4- 6 |  7- 9 || total
---------------------------+-------+-------+-------++-------
  Melee: Trident           |   143 |   276 |    16 ||   435
    Use: Scroll            |     3 |     9 |     1 ||    13
         Potion            |       |     1 |       ||     1
   Stab: Sleeping          |       |     2 |       ||     2
         Distracted        |       |     1 |       ||     1
 Armour: Leather armour    |    71 |   194 |    11 ||   276
  Dodge: Dodged            |    47 |    93 |     5 ||   145
  Block: Tower shield      |    82 |   263 |     8 ||   353

Table legend: (Time is in decaauts)
 A = Elapsed time spent in this place.
 B = Non-inter-level travel time spent in this place.
 C = Inter-level travel time spent in this place.
 D = Time resting spent in this place.
 E = Time spent auto-exploring this place.
 F = Levels seen in this place.
 G = Mean time per level.
                   A        B        C        D        E       F      G
               +--------+--------+--------+--------+--------+-----+--------+
         Total |   3416 |   3302 |    114 |    311 |   1830 |   6 |  569.3 |
       Dungeon |   3390 |   3289 |    101 |    311 |   1830 |   5 |  678.0 |
        Temple |     26 |     13 |     13 |      0 |      0 |   1 |   26.0 |
               +--------+--------+--------+--------+--------+-----+--------+

Top non-repeatable levels by time:
     D:3: 937 daAuts
     D:4: 750 daAuts
     D:1: 699 daAuts
     D:2: 591 daAuts
     D:5: 411 daAuts
  Temple: 26 daAuts
